 Dungeon Crawl Stone Soup version 0.22.1-1-ga44c0e5 (webtiles) character file.

111 Loudmushroom the Covered (level 4, 0/29 HPs)
             Began as a Gargoyle Fighter on Sept 20, 2018.
             Slain by Grinder (3 damage)
             ... while paralysed by Grinder
             ... on level 3 of the Dungeon.
             The game lasted 00:33:09 (2716 turns).

Loudmushroom the Covered (Gargoyle Fighter)         Turns: 2716, Time: 00:33:10

Health: 0/29       AC: 12    Str: 21    XL:     4   Next: 92%
Magic:  4/4        EV:  2    Int:  8    God:
Gold:   138        SH:  0    Dex:  9    Spells: 3/3 levels left

rFire    . . .     SeeInvis .   a - +0 war axe
rCold    . . .     Gourm    .   c - +0 shield
rNeg     + . .     Faith    .   y - +0 scale mail
rPois    ∞         Spirit   .   u - +1 helmet
rElec    +         Reflect  .   (no cloak)
rCorr    .         Harm     .   (no gloves)
MR       .....                  (no boots)
Stlth    ..........             (no amulet)
HPRegen  0.09/turn              (no ring)
MPRegen  0.09/turn              (no ring)

@: paralysed
A: negative energy resistance 1, electricity resistance, unbreathing,
petrification resistance, rot immunity, AC +3
a: no special abilities


You were on level 3 of the Dungeon.
You were not hungry.

You visited 1 branch of the dungeon, and saw 4 of its levels.

You collected 138 gold pieces.

Inventory:

Hand Weapons
 a - a +0 war axe (weapon)
 b - a +0 hunting sling
 p - a +0 mace
 I - a +0 mace
Missiles
 h - 56 stones
 s - 46 sling bullets
 B - 6 tomahawks (quivered)
 E - 7 needles of confusion
 H - 15 bolts
Armour
 c - a +0 shield (worn)
 u - a +1 helmet (worn)
 y - a +0 scale mail (worn)
Jewellery
 i - an uncursed ring of protection from cold {unknown}
 w - a cursed -2 ring of protection {unknown}
 A - a +4 ring of intelligence {unknown}
Wands
 v - a wand of iceblast (2)
Scrolls
 e - a scroll of immolation {unknown}
 g - 2 scrolls of enchant armour {unknown}
 j - 4 scrolls of remove curse {unknown}
 l - a scroll of enchant weapon {unknown}
 n - a scroll of random uselessness {unknown}
 o - 3 scrolls of identify {unknown}
 t - 3 scrolls of noise {unknown}
 z - 2 scrolls of fog {unknown}
 D - 2 scrolls of teleportation {unknown}
 G - a scroll of amnesia {unknown}
Potions
 d - a potion of might
 m - 2 potions of agility {unknown}
 q - 3 potions of curing {unknown}
 r - a potion of heal wounds {unknown}
 x - a potion of degeneration {unknown}
 C - a potion of brilliance {unknown}
 F - a potion of cancellation {unknown}
 J - a potion of haste {unknown}
Comestibles
 f - 7 rations


   Skills:
 + Level 3.9 Fighting
 * Level 3.1 Axes
 + Level 4.0 Armour
 + Level 4.0 Shields


You had 3 spell levels left.
You didn't know any spells.
Your spell library was empty.

Dungeon Overview and Level Annotations

Branches:
Dungeon (4/15)
 Temple: D:4-7

Altars:
Sif Muna

Annotations:
D:3 Grinder


Innate Abilities, Weirdness & Mutations

You are resistant to torment.
Your stone body is resilient. (AC +3)
You are immune to poison.
You resist negative energy. (rN+)
You are resistant to electric shocks. (rElec)
You can survive without breathing.
You are immune to petrification.
You are immune to rotting.


Message History

You hit Grinder.
Grinder is moderately wounded.
Grinder gestures at you.
You suddenly lose the ability to move!
Grinder hits you. x2
You writhe in agony.
You can move again.
Grinder gestures at you. Pain shoots through your body!
You climb upwards.
There is a stone staircase leading down here.
Your shield prevents you from hitting Grinder.
Grinder is lightly wounded.
Grinder hits you but does no damage. Grinder gestures at you.
You suddenly lose the ability to move!
Grinder hits you!
* * * LOW HITPOINT WARNING * * *
You writhe in agony.
You die...

.....#.######.....#........#
...#.#....# #.##.##........#
.....####.# #..#.##........#
...### #.####.............#
#### #..................#
(..# #######<...........#
...# #.........#### ...#
#5........## ...#
#.@.......># ...#
#..........# ...#
#..........# ...#
#..........# ...#
#..........# ...#
#####......# ..## #......#
#.# #......# #.# ########


You could see Grinder.

Vanquished Creatures
  4 adders
  3 worms
  A dart slug (D:3)
  2 orcs (D:3)
  6 giant cockroaches (D:2)
  4 goblins
  5 hobgoblins
  9 jackals (D:2)
  6 kobolds
  A ball python (D:2)
  9 bats
  2 frilled lizards
  7 rats
59 creatures vanquished.

Notes
Turn   | Place    | Note
-------+----------+-------------------------------------------
     0 | D:1      | Loudmushroom the Gargoyle Fighter began the quest for the
                  | Orb.
     0 | D:1      | Reached XP level 1. HP: 14/14 MP: 1/1
   424 | D:1      | Reached XP level 2. HP: 18/19 MP: 2/2
   981 | D:2      | Reached XP level 3. HP: 22/23 MP: 3/3
  1215 | D:2      | Reached XP level 4. HP: 29/29 MP: 4/4
  1455 | D:2      | Found a deep blue altar of Sif Muna.
  2463 | D:4      | Noticed Grinder
  2477 | D:4      | Paralysed by Grinder for 7 turns
  2491 | D:4      | Paralysed by Grinder for 6 turns
  2710 | D:4      | Paralysed by Grinder for 3 turns
  2715 | D:3      | Paralysed by Grinder for 7 turns
  2716 | D:3      | Slain by Grinder

Skill      XL: |  1  2  3  4 |
---------------+-------------+-----
Axes           | 2 3 |  3.1
Armour         | 4 |  4.0
Shields        | 4 |  4.0
Fighting       | |  3.9

Action                   |  1- 3 |  4- 6 || total
-------------------------+-------+-------++-------
Melee: War axe           |   111 |   116 ||   227
  Eat: Chunk             |     1 |     5 ||     6
Armor: Scale mail        |    99 |    81 ||   180
Dodge: Dodged            |    54 |    42 ||    96
Block: Shield            |    89 |    71 ||   160
